Winsalmostnever, neutral male human Tourist --. |.... .......--- ...>......- ........).... .........).... ---.).....(... ---).....%.%.. --.%.)%....@u.. --..----........ |...| --...... |..-- . ... ---- Winsalmostnever the Excursionist Experience level: 6 Strength: 8 Dexterity: 10 Constitution: 14 Intelligence: 12 Wisdom: 14 Charisma: 15 Health: 0(70) Energy: 32(32) Def: 4 Gold: 102 Moves: 2581 Dungeon seed: 5tWXbRtnksp_CsRq Game ID: Winsalmostnever_1708866781 Your Inventory: Coins $ - 102 gold pieces Weapons a - 24 uncursed +2 darts (in quiver) v - the cursed -1 Sting (weapon in hand) Q - an uncursed +0 dwarvish short sword T - 19 uncursed +0 darts U - an uncursed +0 aklys of frost Armor e - an uncursed +0 Hawaiian shirt (being worn) y - an uncursed +0 dwarvish cloak (being worn) z - an uncursed +0 pair of iron shoes (being worn) N - an uncursed +0 dwarvish iron helm (being worn) Comestibles b - an uncursed pancake d - 7 uncursed food rations f - 2 uncursed Drugs g - 2 uncursed fortune cookies s - an uncursed lichen corpse Scrolls j - 3 uncursed scrolls of magic mapping u - an uncursed scroll of enchant weapon w - an uncursed scroll of charging K - an uncursed scroll of light P - an uncursed scroll of gold detection R - an uncursed scroll of fire Potions i - an uncursed potion of extra healing r - a potion of holy water O - an uncursed potion of booze S - a blessed potion of sickness Rings x - a blessed +2 ring of gain strength (on left hand) Wands A - an uncursed wand of sleep (0:1) D - an uncursed wand of nothing (0:0) Tools k - an uncursed credit card l - an uncursed expensive camera (0:62) m - an uncursed leash n - an uncursed magic marker (0:0) o - an uncursed tin opener p - an uncursed towel I - an uncursed tallow candle (0:200) J - an uncursed skeleton key L - an uncursed brass lantern (lit) (0:262) Spells and supernatural/magical abilities: Name Level Category Cost Memory W - pray for help -- divine ? -- Your skills at the end: Fighting Skills wands [Basic] Weapon Skills dagger [Basic] dart [Skilled] Spellcasting Skills Final Attributes: You were piously aligned. You were poison resistant. You were aware of the presence of orcs. You were lucky. The Lady was noncommittal. You are dead. Vanquished creatures: a large mimic 2 giant spiders a vampire bat a bugbear a rock mole 10 gnome lords 3 gnomish wizards 12 dwarves a rabid rat a centipede a giant bat 6 orc zombies a werejackal an acid blob a gas spore 4 hobbits a hobgoblin a giant rat a cave spider 44 gnomes 9 jackals a kobold 2 goblins 8 grid bugs a bat 2 lichens 3 newts 120 creatures vanquished. Voluntary challenges: You used a wielded weapon 85 times, starting on turn 1051. You read items or engraved 6 times, starting on turn 106. You never genocided any monsters. You polymorphed 2 items, starting on turn 797. You never changed form. You used no wishes. You never split a pudding. You never wrote Elbereth's name. You never violated your personal moral code. Dungeon overview: The Dungeons of Doom: levels 1 to 2 Level 1 a long staircase Level 2 a vault stairs to The Gnomish Mines The Gnomish Mines: levels 3 to 9 Level 3 stairs to The Dungeons of Doom Level 4 Level 5 many shops, a temple to Blind Io, some fountains Level 6 Level 7 Level 8 <- You were here Level 9 History has recorded: On T:1 you entered the Dungeons of Doom to retrieve the Amulet of Yendor! On T:440 you reached level 2 of The Dungeons of Doom. On T:655 you reached level 1 of The Gnomish Mines. On T:656 you advanced to experience level 2. On T:774 you advanced to experience level 3. On T:961 you reached level 2 of The Gnomish Mines. On T:1053 you advanced to experience level 4. On T:1218 you reached level 3 of The Gnomish Mines. On T:1736 you reached level 4 of The Gnomish Mines. On T:1778 you advanced to experience level 5. On T:2037 you reached level 5 of The Gnomish Mines. On T:2297 you reached level 7 of The Gnomish Mines. On T:2323 you advanced to experience level 6. On T:2460 you reached level 6 of The Gnomish Mines. Score breakdown: Gold: 65 ( 6189 points) Experience: 6 levels (12456 points) Exploration: 9 levels ( 18.37%) (12247 points) Discoveries: 18 items ( 5.94%) ( 7312 points) Valuables value: (no points given unless you survive) Artifact value: 800 ( 9877 points) Variety of kills: 27 monsters ( 7.11%) ( 7996 points) Turncount: 2581 turns ( -377 points) Survival: died (score multiplied by 80%) Total score: 44560 Latest messages: $ - 23 gold pieces. There are a few more objects here. Thump! There are a few objects here. The black unicorn butts! The black unicorn kicks! The black unicorn butts! The black unicorn kicks! You throw 2 darts. The 1st dart hits the black unicorn! The 2nd dart hits the black unicorn. The black unicorn butts! The black unicorn kicks! a - 2 uncursed +2 darts (in quiver). The black unicorn butts! The black unicorn kicks! You die... Final status: Aloha Winsalmostnever the Tourist, killed by a black unicorn... You died in The Gnomish Mines on dungeon level 8 with 44560 points, and 102 pieces of gold, after 2581 moves. You were level 6 with a maximum of 70 hit points when you died.